 Dungeon Crawl Stone Soup version 0.31-a0-965-g8a8ce12e04 (webtiles) character file.

Game seed: 15143177921162122906

9 CowFu the Ruffian (level 2, 23/23 HPs)
             Began as a Gnoll Shapeshifter on Oct 27, 2023.
             Was a High Priest of Ignis.
             Got out of the dungeon alive.
             The game lasted 00:00:24 (324 turns).

CowFu the Ruffian (Gnoll Shapeshifter)               Turns: 324, Time: 00:00:25

Health: 23/23      AC:  2    Str: 13    XL:     2   Next: 16%
Magic:  2/2        EV: 13    Int:  9    God:    Ignis [*****.]
Gold:   19         SH:  0    Dex: 11    Spells: 1/1 levels left

rFire   + .          .
                       - Unarmed
rCold   . . .        (no shield)
rNeg    . . .        a - +0 animal skin
rPois   .            (helmet currently unavailable)
rElec   .            (cloak currently unavailable)
rCorr   .            (gloves currently unavailable)
SInv    .            (boots currently unavailable)
Will    .....        (no amulet)
Stlth   +            (no ring)
HPRegen 0.23/turn    (no ring)
MPRegen 0.08/turn

%: no passive effects
@: beast-form
A: beast (slay +3), fangs 1, strong nose, distributed training
a: Begin Untransformation, Renounce Religion, Fiery Armour, Foxfire Swarm,
Rising Flame


You escaped.
You worshipped Ignis.
Ignis was extremely pleased with you.
You were a hulking beast.
You visited 1 branch of the dungeon, and saw 1 of its levels.

You collected 19 gold pieces.

Inventory:

Armour
 a - a +0 animal skin (worn)
Jewellery
 g - a ring of ice
Talismans
 c - a beast talisman
 d - a flux talisman
Scrolls
 h - a scroll of brand weapon {unknown}
Potions
 b - a potion of lignification
 e - a potion of attraction {unknown}
 f - 2 potions of haste {unknown}


   Skills:
 + Level 2.4 Fighting
 + Level 0.3 Short Blades
 + Level 0.3 Long Blades
 + Level 0.3 Axes
 + Level 0.3 Maces & Flails
 + Level 0.3 Polearms
 + Level 0.3 Staves
 + Level 0.3 Ranged Weapons
 + Level 0.3 Throwing
 + Level 0.3 Armour
 + Level 4.4 Dodging
 + Level 0.3 Stealth
 + Level 0.3 Shields
 + Level 6.4 Unarmed Combat
 + Level 0.3 Spellcasting
 + Level 0.2 Conjurations
 + Level 0.2 Hexes
 + Level 0.2 Summonings
 + Level 0.2 Necromancy
 + Level 0.2 Translocations
 + Level 0.2 Transmutations
 + Level 0.2 Fire Magic
 + Level 0.2 Ice Magic
 + Level 0.2 Air Magic
 + Level 0.2 Earth Magic
 + Level 0.2 Poison Magic
 + Level 0.4 Invocations
 + Level 0.3 Evocations
 + Level 6.4 Shapeshifting


You had one spell level left.
You didn't know any spells.
Your spell library was empty.

Dungeon Overview and Level Annotations

Branches:
Dungeon (1/15)

Altars:
Ignis


Innate Abilities, Weirdness & Mutations

You are a hulking beast.
Your limbs bulge with bestial killing power. (Slay +3)
You have very sharp teeth.
Your uncanny sense of smell can sniff out nearby items.
Your experience applies equally to all skills.


Message History

You hit the giant cockroach.
You kill the giant cockroach!
f - 2 fizzy ruby potions (gained 1)
You now have 7 gold pieces.
h - a scroll labelled KOWOTO HIEKAFF No target in view!
As you open the door, it creaks loudly!
Found 12 gold pieces.
No target in view!
Found two gnoll skeletons.
There is an open door here.
No target in view!
You now have 19 gold pieces (gained 12).
You open the door.
Found a faded altar of an unknown god.
No target in view!
There is an open door here.
There is an open door here.
There is an open door here.
A rat comes into view.
A rat is nearby!
There is an open door here.
There is an open door here.
There is a faded altar of an unknown god here.
This altar belongs to (a) Zin, (b) Ignis or (c) the Shining One, but you can't tell which.
Press the corresponding letter to learn more about a god, or press enter to convert or escape to cancel.
Ignis accepts your prayer! Ignis welcomes you! The rat barely misses you.
You punch the rat!
You kill the rat!
No target in view!
No target in view!
You don't know any spells.
You can't go up here!
You see here a rat corpse.
There is an open door here.
There is an open door here.
There is an open door here.
There is a staircase leading out of the dungeon here.
You have escaped!

####### #.....##############
.......#.....#.....##
....................##
........##########...#
........###.+...h#...#
..†)......#'#(...#...#
............#'####...# #######
........#.......##...######..†...
........#'##.....#..........####.
......#.#..####.....####..######.
.##..####..####'#..######........
. ##...##..##...#####.....######.
. ###..#..##...# ##.##### #.


There were no monsters in sight!

Vanquished Creatures
  A dart slug (D:1)
  A giant cockroach (D:1)
  A goblin (D:1)
  A ball python (D:1)
  A bat (D:1)
  2 frilled lizards (D:1)
  2 rats (D:1)
9 creatures vanquished.

Notes
Turn   | Place    | Note
-------+----------+-------------------------------------------
     0 | D:1      | CowFu the Gnoll Shapeshifter began the quest for the Orb.
     0 | D:1      | Reached XP level 1. HP: 17/17 MP: 1/1
    85 | D:1      | Reached XP level 2. HP: 4/23 MP: 2/2
   248 | D:1      | Found a faded altar of an unknown god.
   280 | D:1      | Prayed at the altar of an unknown god.
   280 | D:1      | Became a worshipper of Ignis, the Dying Flame
   324 | D:$      | Got out of the dungeon alive.

Illustrated notes

Levels and vault maps discovered:
D:1:      dpeg_arrival_short_road, layout_rooms,
          dilly_ecumenical_altar_fadedgnrine, lemuel_flame_loot_1

Action                     || total
---------------------------++-------
  Melee: Unarmed           ||    13
         Punch             ||     1
         Bite              ||     1
 Armour: Animal skin       ||     7
  Dodge: Dodged            ||     8

Table legend: (Time is in decaauts)
 A = Elapsed time spent in this place.
 B = Non-inter-level travel time spent in this place.
 C = Inter-level travel time spent in this place.
 D = Time resting spent in this place.
 E = Time spent auto-exploring this place.
 F = Levels seen in this place.
 G = Mean time per level.
                   A        B        C        D        E       F      G
               +--------+--------+--------+--------+--------+-----+--------+
         Total |    322 |    282 |     40 |      0 |    220 |   1 |  322.0 |
       Dungeon |    322 |    282 |     40 |      0 |    220 |   1 |  322.0 |
               +--------+--------+--------+--------+--------+-----+--------+

Top non-repeatable levels by time:
     D:1: 322 daAuts
